 Dungeon Crawl Stone Soup version 0.31-a0-940-gdaa99269f9 (webtiles) character file.

Game seed: 14429803296103618483

457 Error4North the Ruffian (level 6, -2/51 HPs)
             Began as a Draconian Shapeshifter on Oct 21, 2023.
             Slain by Reshi88's ghost (8 damage)
             ... on level 4 of the Dungeon.
             The game lasted 00:11:05 (2796 turns).

Error4North the Ruffian (Draconian Shapeshifter)    Turns: 2796, Time: 00:11:05

Health: -2/51      AC:  6    Str: 19    XL:     6   Next: 77%
Magic:  6/6        EV: 12    Int: 10    God:
Gold:   259        SH:  0    Dex: 10    Spells: 5/5 levels left

rFire   . .          .
                       - Unarmed
rCold   . . .        (no shield)
rNeg    . . .        (body armour unavailable)
rPois   .            (helmet currently unavailable)
rElec   .            (cloak currently unavailable)
rCorr   +            (gloves currently unavailable)
SInv    .            (boots currently unavailable)
Will    .....        (no amulet)
Stlth   +            o - ring of resist corrosion
HPRegen 0.28/turn    (no ring)
MPRegen 0.10/turn

%: no passive effects
@: beast-form
A: beast (slay +2), AC +6, unfitting armour, cold-blooded
a: Begin Untransformation


You were on level 4 of the Dungeon.
You were a hulking beast.
You visited 1 branch of the dungeon, and saw 4 of its levels.

You collected 259 gold pieces.

Inventory:

Armour
 h - a +0 pair of boots
Jewellery
 o - a ring of resist corrosion (left hand)
Talismans
 b - a beast talisman (active)
 c - a flux talisman
 l - a maw talisman
Wands
 s - a wand of quicksilver (11)
Scrolls
 d - a scroll of fear {unknown}
 f - 4 scrolls of identify {unknown}
 g - a scroll of fog {unknown}
 i - 3 scrolls of noise {unknown}
 j - 4 scrolls of teleportation {unknown}
 m - a scroll of blinking {unknown}
 p - a scroll of enchant armour {unknown}
 q - a scroll of brand weapon {unknown}
 r - a scroll of immolation {unknown}
Potions
 k - a potion of brilliance {unknown}
 n - a potion of ambrosia {unknown}
 t - a potion of curing {unknown}


   Skills:
 * Level 3.1 Fighting
 + Level 3.0 Dodging
 + Level 1.0 Stealth
 + Level 5.3 Unarmed Combat
 * Level 4.4 Shapeshifting


You had 5 spell levels left.
You didn't know any spells.
Your spell library contained the following spells:

 Spells                   Type           Power      Damage    Failure   Level
 Apportation              Tloc           0%         N/A       36%         1
 Freeze                   Ice            0%         1d3       36%         1
 Ensorcelled Hibernation  Hex/Ice        0%         N/A       50%         2
 Jinxbite                 Hex            0%         N/A       50%         2
 Passwall                 Tmut/Erth      0%         N/A       50%         2
 Static Discharge         Conj/Air       0%         3-3/arc   50%         2
 Frozen Ramparts          Ice            0%         1d1       75%         3
 Hailstorm                Conj/Ice       0%         3d3       75%         3
 Swiftness                Air            0%         N/A       75%         3
 Airstrike                Air            0%         2d(0-16)  98%         4
 Summon Lightning Spire   Summ/Air       0%         N/A       98%         4
 Alistair's Intoxication  Tmut/Pois      0%         N/A       100%        5
 Conjure Ball Lightning   Conj/Air       0%         3x3d6     100%        6
 Discord                  Hex            0%         N/A       100%        8
 Disjunction              Tloc           0%         N/A       100%        8


Dungeon Overview and Level Annotations

Branches:
Dungeon (4/15)
 Temple: D:4-7

Altars:
The Shining One

Annotations:
D:4 Reshi88's ghost, amateur MiFi


Innate Abilities, Weirdness & Mutations

You are a hulking beast.
Your limbs bulge with bestial killing power. (Slay +2)
Your plain brown scales are hard. (AC +6)
You cannot fit into any form of body armour.
You are cold-blooded and may be slowed by cold attacks.


Message History

Press: ? - help, v - describe, . - travel
Here: Reshi88's ghost, wielding a weapon of freezing The floor.
A white imp comes into view.
Press: ? - help, v - describe, . - travel
Here: a scorpion simulacrum (freezing vapour)
The floor.
You hit the scorpion simulacrum but do no damage.
The scorpion simulacrum hits you. The scorpion simulacrum freezes you.
You feel yourself slow down. Reshi88's ghost hits you.
Reshi88's ghost freezes you.
The white imp is engulfed in freezing vapours.
It was a potion of cancellation.
Your magical effects are unravelling.
You feel magically purged.
You feel yourself speed up.
Reshi88's ghost shouts, "You will join me soon!"
Reshi88's ghost misses you.
Reshi88's ghost attacks as it pursues you!
Reshi88's ghost closely misses you. Reshi88's ghost hits you.
Reshi88's ghost freezes you. The white imp gestures at you.
The puff of frost hits you!
Reshi88's ghost whispers, "There is no future for you."
Reshi88's ghost ripples.
The white imp gestures at you. The puff of frost hits you.
* * * LOW HITPOINT WARNING * * *
There is an open translucent gate here.
Reshi88's ghost screams in joy, "As in life, so in death: Kill!
Kill!!
Kill!!!"
Reshi88's ghost attacks as it pursues you!
Reshi88's ghost barely misses you.
Reshi88's ghost attacks as it pursues you!
Reshi88's ghost hits you.
* * * LOW HITPOINT WARNING * * *
Reshi88's ghost freezes you.
* * * LOW HITPOINT WARNING * * *
Reshi88's ghost attacks as it pursues you!
Reshi88's ghost hits you!
You die...

..##..#.... ##..#..#
...#..#...= #..#..#
...#.Z##... ##..#..#
...#...###) ##..##..#
##.##....####...#...#
.#..#..........##.# #
....##.........#..#.#
.....##.......##....#
......###'''###Wh.#
............5Z....#
..........#......##
.........###†...##
......#.......###
.....###......#..#
.##...#..........#
#####.#..........#
.....)...........#


You could see Reshi88's ghost, a white imp and a scorpion simulacrum.

Vanquished Creatures
  A water moccasin (D:3)
  An ogre (D:4)
  A hound (D:4)
  An orc priest (D:4)
  An orc wizard (D:4)
  A centaur simulacrum (D:4)
  A scorpion simulacrum (D:4)
  3 adders
  3 gnolls (D:3)
  3 worms
  2 dart slugs
  An adder simulacrum (D:4)
  3 orcs
  9 ball pythons
  7 endoplasms
  2 giant cockroaches
  4 goblins
  7 hobgoblins
  3 jackals
  7 kobolds
  2 quokkas
  8 bats
  2 frilled lizards
  12 rats
85 creatures vanquished.

Notes
Turn   | Place    | Note
-------+----------+-------------------------------------------
     0 | D:1      | Error4North the Draconian Shapeshifter began the quest for
                  | the Orb.
     0 | D:1      | Reached XP level 1. HP: 16/16 MP: 1/1
   109 | D:1      | You fall into a shaft and drop 1 floor!
   109 | D:2      | Found a glowing golden altar of the Shining One.
   155 | D:1      | Reached XP level 2. HP: 12/23 MP: 2/2
   432 | D:1      | Found a faded altar of an unknown god.
   672 | D:1      | Reached XP level 3. HP: 20/28 MP: 3/3
  1326 | D:2      | Reached XP level 4. HP: 34/36 MP: 4/4
  1715 | D:3      | Noticed a water moccasin
  1764 | D:4      | Reached skill level 4 in Unarmed Combat
  1764 | D:4      | Reached XP level 5. HP: 12/41 MP: 5/5
  2556 | D:3      | Killed a water moccasin
  2557 | D:3      | Reached XP level 6. HP: 50/50 MP: 6/6
  2716 | D:4      | Found a runed translucent gate.
  2716 | D:4      | Found a runed translucent gate.
  2719 | D:4      | Found a runed translucent gate.
  2733 | D:4      | Reached skill level 5 in Unarmed Combat
  2749 | D:4      | Reached skill level 1 in Stealth
  2773 | D:4      | Noticed Reshi88's ghost (amateur MiFi)
  2796 | D:4      | Slain by Reshi88's ghost

Illustrated notes

Levels and vault maps discovered:
D:1:      lemuel_arrival_tunnels, layout_loops_cross,
          ebering_ecumenical_altar_rust
D:2:      layout_rooms, basic_altar, minmay_statues_item
D:3:      layout_basic
D:4:      layout_cave_pools, nicolae_uskayaw_dance_hall, gammafunk_ghost_icy

Skill      XL: |  1  2  3  4  5  6 |
---------------+-------------------+-----
Dodging        | 2 3 |  3.0
Fighting       | 2 3 |  3.1
Unarmed Combat | 4 5 |  5.3
Shapeshifting  | 4 |  4.4
Stealth        | 1 |  1.0

Action                     |  1- 3 |  4- 6 || total
---------------------------+-------+-------++-------
  Melee: Unarmed           |   133 |   117 ||   250
         Punch             |     1 |     2 ||     3
         Tailslap          |    16 |    15 ||    31
    Use: Potion            |     1 |     2 ||     3
   Stab: Sleeping          |     1 |     1 ||     2
 Armour: Skin              |    90 |    70 ||   160
  Dodge: Dodged            |   121 |    55 ||   176

Table legend: (Time is in decaauts)
 A = Elapsed time spent in this place.
 B = Non-inter-level travel time spent in this place.
 C = Inter-level travel time spent in this place.
 D = Time resting spent in this place.
 E = Time spent auto-exploring this place.
 F = Levels seen in this place.
 G = Mean time per level.
                   A        B        C        D        E       F      G
               +--------+--------+--------+--------+--------+-----+--------+
         Total |   2781 |   2623 |    158 |    214 |   1651 |   4 |  695.2 |
       Dungeon |   2781 |   2623 |    158 |    214 |   1651 |   4 |  695.2 |
               +--------+--------+--------+--------+--------+-----+--------+

Top non-repeatable levels by time:
     D:1: 994 daAuts
     D:3: 927 daAuts
     D:2: 595 daAuts
     D:4: 263 daAuts
